 Dungeon Crawl Stone Soup version 0.27-a0-380-g150de4c316 (webtiles) character file.

Game seed: 16937483690837685468

539918 lunkers the Conqueror (level 27, -2/222 (224) HPs)
             Began as a Formicid Fighter on Feb 16, 2021.
             Was the Champion of Ashenzari.
             Slain by a white draconian
             ... wielding a +1 glaive of protection
              (29 damage)
             ... on level 1 of the Realm of Zot on Feb 17, 2021.
             The game lasted 02:48:53 (51156 turns).

lunkers the Conqueror (Formicid Fighter)           Turns: 51156, Time: 02:48:54

HP:   -2/222 (224)  AC: 51    Str: 28    XL:     27
MP:   3/32          EV: 17    Int: 18    God:    Ashenzari [******]
Gold: 2818          SH: 21    Dex: 10    Spells: 30/38 levels left

rFire    + . .     SeeInvis +   a - +3 battleaxe (freeze) (curse)
rCold    . . .     Faith    .   k - +0 tower shield {AC+3} (curse)
rNeg     + . .     Spirit   .   J - +8 orange crystal plate armour {Archmagi, Int+3 Clar} (curse)
rPois    .         Reflect  .   (helmet unavailable)
rElec    .         Harm     .   c - +2 cloak {rCorr} (curse)
rCorr    +         Rampage  .   u - +1 pair of gloves {Str+3} (curse)
Will     +++..     Clarity  +   W - +0 pair of boots {obsolete} (curse)
Stlth    ..........             f - amulet of regeneration (curse)
HPRegen  1.47/turn              V - ring "Cima" {rF+ EV+4 SInv} (curse)
MPRegen  0.23/turn              R - ring of Natetoll {rN+ Will+ rCorr Int-2} (curse)

@: lethally poisoned (-2 -> -2), studying 3 skills, lightly drained
A: permanent stasis, dig shafts and tunnels, four strong arms, antennae 3, frail
1
}: 3/15 runes: serpentine, barnacled, silver
a: Dig, Shaft Self, Renounce Religion, Curse Item, Scrying, Transfer Knowledge


You were on level 1 of the Realm of Zot.
You worshipped Ashenzari.
Ashenzari was exalted by your worship.
You visited 8 branches of the dungeon, and saw 42 of its levels.
You also visited: Ice Cave and Wizlab.

You collected 6856 gold pieces.
You spent 4038 gold pieces at shops.

Inventory:

Hand Weapons
 a - a cursed +3 battleaxe of freezing (weapon)
Missiles
 g - 114 poisoned darts (quivered)
Armour
 c - a cursed +2 cloak of preservation (worn)
 k - a cursed +0 tower shield of protection (worn)
 u - a cursed +1 pair of gloves of strength (worn)
 J - the cursed +8 orange crystal plate armour (worn) {Archmagi, Int+3 Clar}
   (You found it on level 14 of the Dungeon)

   It affects your intelligence (+3).
   It protects you against confusion.
   It has a curse placed upon it.
 W - a cursed +0 pair of boots of running (worn)
Jewellery
 f - a cursed amulet of regeneration (around neck)
 R - the cursed ring of Natetoll (right hand) {rN+ Will+ rCorr Int-2}
   (You took it off a deep elf high priest on level 5 of the Depths)

   [ring of resist corrosion (curse)]

   It affects your intelligence (-2).
   It protects you from negative energy.
   It affects your willpower, your defense against some magical effects.
   It provides partial protection from all sources of acid and corrosion.
   It has a curse placed upon it.
 V - the cursed ring "Cima" (left hand) {rF+ EV+4 SInv}
   (You found it on level 5 of the Vaults)

   [ring of evasion (curse)]

   It affects your evasion (+4).
   It protects you from fire.
   It lets you see invisible.
   It has a curse placed upon it.
Wands
 b - a wand of digging (8)
 x - a wand of polymorph (36)
 y - a wand of charming (12)
 E - a wand of acid (28)
 G - a wand of iceblast (26)
 H - a wand of flame (116)
 I - a wand of mindburst (36)
 N - a wand of paralysis (37)
 S - a wand of random effects (63)
Scrolls
 i - 5 scrolls of immolation
 p - 7 scrolls of magic mapping
 t - 29 scrolls of identify
 v - 10 scrolls of enchant weapon
 w - 6 scrolls of enchant armour
 C - a scroll of holy word
 D - 2 scrolls of summoning
 K - 10 scrolls of fog
 L - 3 scrolls of silence
 M - a scroll of brand weapon
 P - 4 scrolls of fear
Potions
 d - 5 potions of might
 e - 16 potions of curing
 h - 4 potions of resistance
 j - 9 potions of brilliance
 l - 6 potions of attraction
 m - 7 potions of cancellation
 n - 8 potions of mutation
 o - 9 potions of lignification
 z - 4 potions of flight
 F - 3 potions of invisibility
 O - 5 potions of heal wounds
 X - 2 potions of ambrosia
Miscellaneous
 A - a phial of floods
 B - a tin of tremorstones (2/2)
 Q - a lightning rod (4/4)
 T - a condenser vane (inert)
 U - a phantom mirror


   Skills:
 O Level 27 Fighting
 - Level 16.1(20.0) Axes
 + Level 22.0(26.5) Armour
 + Level 14.4 Dodging
 - Level 12.3(15.0) Shields
 - Level 6.0 Spellcasting
 - Level 5.5(10.0) Summonings
 - Level 9.7(14.0) Translocations
 - Level 7.5(12.0) Earth Magic
 - Level 10.7(15.0) Evocations


You had 30 spell levels left.
You knew the following spells:

 Your Spells              Type           Power        Failure   Level
b - Animate Armour        Summ/Erth      100%         8%          4
c - Manifold Assault      Tloc           71%          2%          4

Your spell library contained the following spells:

 Spells                   Type           Power        Failure   Level
 Apportation              Tloc           100%         1%          1
 Summon Small Mammal      Summ           100%         1%          1
 Call Imp                 Summ           58%          1%          2
 Call Canine Familiar     Summ           58%          3%          3
 Summon Guardian Golem    Hex/Summ       37%          24%         3
 Iskenderun's Mystic Bla  Conj/Tloc      47%          34%         4
 Leda's Liquefaction      Hex/Erth       21%          47%         4
 Animate Skeleton         Necr           22%          50%         1
 Freeze                   Ice            44%          50%         1
 Magic Dart               Conj           44%          50%         1
 Pain                     Necr           44%          50%         1
 Shock                    Conj/Air       44%          50%         1
 Sting                    Tmut/Pois      44%          50%         1
 Corpse Rot               Necr/Air       N/A          63%         2
 Poisonous Vapours        Pois/Air       22%          63%         2
 Searing Ray              Conj           22%          63%         2
 Slow                     Hex            11%          63%         2
 Sublimation of Blood     Necr           5%           63%         2
 Summon Ice Beast         Ice/Summ       37%          63%         4
 Summon Lightning Spire   Summ/Air       37%          63%         4
 Borgnjor's Vile Clutch   Necr/Erth      21%          83%         5
 Conjure Flame            Conj/Fire      11%          86%         3
 Dazzling Flash           Conj/Hex       22%          86%         3
 Frozen Ramparts          Ice            22%          86%         3
 Ignite Poison            Fire/Tmut/Pois 11%          86%         3
 Mephitic Cloud           Conj/Pois/Air  11%          86%         3
 Ozocubu's Armour         Ice            11%          86%         3
 Static Discharge         Conj/Air       11%          86%         3
 Vampiric Draining        Necr           5%           86%         3
 Bolt of Magma            Conj/Fire/Erth 16%          97%         5
 Airstrike                Air            5%           99%         4
 Animate Dead             Necr           5%           99%         4
 Dispel Undead            Necr           11%          99%         4
 Fulminant Prism          Conj/Hex       5%           99%         4
 Hailstorm                Conj/Ice       11%          99%         4
 Olgreb's Toxic Radiance  Pois           11%          99%         4
 Agony                    Necr           11%          100%        5
 Excruciating Wounds      Necr           5%           100%        5
 Fireball                 Conj/Fire      5%           100%        5
 Iskenderun's Battlesphe  Conj           11%          100%        5
 Lightning Bolt           Conj/Air       5%           100%        5
 Conjure Ball Lightning   Conj/Air       5%           100%        6
 Iron Shot                Conj/Erth      21%          100%        6
 Starburst                Conj/Fire      5%           100%        6
 Statue Form              Tmut/Erth      28%          100%        6
 Orb of Destruction       Conj           5%           100%        7
 Spellforged Servitor     Conj/Summ      18%          100%        7
 Ignition                 Fire           5%           100%        8
 Shatter                  Erth           32%          100%        9
 Blink                    Tloc           Unusable     N/A         2
 Swiftness                Air            Unusable     N/A         2

Dungeon Overview and Level Annotations

Branches:
Dungeon (15/15)            Temple (0/1) D:6            Lair (6/6) D:8
 Shoals (4/4) Lair:2        Snake (4/4) Lair:3        Slime (0/5) Lair:6
    Orc (2/2) D:10            Elf (0/3) Orc:2        Vaults (5/5) D:14
  Crypt (0/3) Vaults:2     Depths (5/5) D:15            Zot (1/5) Depths:5
  IceCv (visited)          WizLab (visited)

Altars:
Ashenzari
Cheibriados
Elyvilon
Fedhas
Gozag
Ru
Trog
Uskayaw
Vehumet
Wu Jian
Xom
Zin
Beogh

Shops:
D:8 ?   D:13 *   Orc:1 ?   Orc:2 [=*[:[(   Shoals:1 *   Shoals:4 *:   Snake:4 :
Vaults:1 *   Vaults:5 *   Depths:1 (   Depths:5 *

Portals:
Hell: Depths:1 Depths:2 Depths:3 Depths:4 Depths:5
Abyss: Depths:4 Depths:5
Pandemonium: Depths:3
Ziggurat: Depths:2

Annotations:
D:4 exclusion: oklob plant
Lair:6 2 runed translucent doors, Jiqanexi's ghost, journeyman GnTm
Depths:4 2 runed translucent doors
Depths:5 2 transporters


Innate Abilities, Weirdness & Mutations

You cannot be hasted, slowed, berserked, paralysed or teleported.
You can dig through walls and to a lower floor.
Your four strong arms can wield two-handed weapons with a shield.
You have a pair of large antennae on your head. (SInv)
You are frail. (-10% HP)


Message History

The shadow dragon claws you but does no damage.
The shadow dragon claws you.
* * * LOW HITPOINT WARNING * * *
Unknown command.
Unknown command.
You slice the shadow dragon!! You freeze the shadow dragon.
The shadow dragon is almost dead.
You completely miss the white draconian knight.
You hit the white draconian but do no damage.
You feel sick.
The white draconian knight is engulfed in blazing flames.
You block the white draconian knight's attack.
You block the white draconian's attack. The shadow dragon bites you.
* * * LOW HITPOINT WARNING * * *
You partially resist.
You feel drained.
The shadow dragon claws you but does no damage.
The shadow dragon misses you.
Unknown command.
Unknown command.
Your cursed orange crystal plate armour prevents you from hitting the shadow dragon.
The shadow dragon is almost dead.
You hit the white draconian knight. You hit the white draconian.
The white draconian knight is engulfed in blazing flames.
You block the white draconian knight's attack.
The white draconian is engulfed in blazing flames.
The white draconian hits you with a +1 glaive of protection.
* * * LOW HITPOINT WARNING * * *
You block the shadow dragon's attack.
The shadow dragon claws you but does no damage.
The shadow dragon barely misses you.
Unknown command.
You feel much better.
You feel sick.
The white draconian knight is engulfed in blazing flames.
The white draconian knight gestures at you while chanting.
The bolt of cold hits you!
* * * LOW HITPOINT WARNING * * *
You block the shadow dragon's attack. x3
The white draconian is engulfed in blazing flames.
The white draconian hits you with a +1 glaive of protection!!
You die...

.......# .......+... ,,,,, *, *
#.....###.......#... * , ,,,
##...##.#.......#... ,*, ,, **
#'###.###.....###.## ,***, * ,
*#....)..##...##.#.. , ,* #.,
##.####..#####..#§## ##... ,
,+.#.......#...§#§§#*......,**,
######.#####[..qd§§##[..^..**,
*#..........#.#.@D#{#.....# **
* *#.###.##....######[)[..# , ,
,* ,...#..#.## ***#....## , *
*, ,,#+#....### ####.$..,,,, *
* ###+##***, , *,.###.#*, * ,,
* ,, *,,, *+ + *#, * * , , , ,
*, ,,, * **, , , * **, ,**,,,,
* ,, * ,, , , * + ,, , ** ,,*


You could see a shadow dragon (berserk), a white draconian knight (fast,
invisible) and a white draconian (berserk).

Vanquished Creatures
  2 dread liches (Vaults:5)
  An ancient lich (Vaults:5)
  2 juggernauts
  Saint Roka (Vaults:4)
  Bai Suzhen (Shoals:3)
  The ghost of Shayle the Earth Mage, an adept DrEE of Vehumet (Vaults:4)
  A caustic shrike (shapeshifter) (Depths:4)
  A caustic shrike (Depths:5)
  Nikola (Snake:3)
  2 golden dragons
  4 tentacled monstrosities
  A Cloud Mage (WizLab)
  5 liches
  2 quicksilver dragons
  Polyphemus (Shoals:3)
  6 titans
  5 sphinxes
  Kirke (D:13)
  A draconian monk (Zot:1)
  8 tengu reavers
  Ilsuiw (Shoals:3)
  9 storm dragons
  8 fire giants
  6 nagarajas (Snake:4)
  3 shadow dragons (Vaults:5)
  11 frost giants
  2 deep elf sorcerers
  A draconian scorcher (Depths:5)
  Aizul (Snake:3)
  10 vault wardens
  3 orc warlords
  A draconian annihilator (Depths:5)
  A draconian shifter (Zot:1)
  A deep elf elementalist (Vaults:5)
  2 draconian knights
  13 ironheart preservers
  23 stone giants
  12 very ugly things
  A caustic shrike skeleton (Depths:1)
  2 war gargoyles (Vaults:5)
  An entropy weaver (Vaults:3)
  6 vampire knights
  A black draconian (Zot:1)
  3 deep elf demonologists
  A deep elf annihilator (Vaults:1)
  11 spark wasps
  2 purple draconians (Zot:1)
  A white draconian (Zot:1)
  7 merfolk impalers
  2 blizzard demons (WizLab)
  14 ettins
  4 deep elf death magi
  Josephine (D:14)
  2 deep elf high priests
  Snorg (D:11)
  Harold (D:9)
  9 yaktaur captains
  8 merfolk javelineers
  10 fire dragons
  3 jiangshi
  8 great orbs of eyes
  29 vault guards
  10 hydras
  9 ice dragons
  11 naga warriors
  6 boulder beetles
  7 ogre magi
  A ghost crab (WizLab)
  4 catoblepae
  11 centaur warriors
  Erica (D:13)
  12 anacondas
  3 merfolk avatars
  8 rakshasas
  2 alligator snapping turtles
  4 death knights
  22 two-headed ogres
  9 merfolk aquamancers
  7 spriggan air magi
  6 deep troll shamans
  A dancing weapon (Vaults:4)
  6 tengu warriors
  2 satyrs (Shoals:2)
  7 death yaks
  5 deep troll earth magi
  10 shock serpents
  5 orc high priests
  3 spriggan berserkers
  5 vampire magi
  19 naga sharpshooters
  5 deep elf knights
  Urug (D:13)
  A shock serpent (shapeshifter) (Vaults:2)
  2 soul eaters
  8 hell knights
  15 skeletal warriors
  2 salamander mystics
  2 death drakes (WizLab)
  2 shadow wraiths
  5 flayed ghosts
  A shadow demon (Depths:3)
  2 glowing orange brains
  A deep troll (shapeshifter) (Vaults:5)
  An infernal demonspawn (Depths:3)
  11 unseen horrors
  22 deep trolls
  9 sea snakes
  A swamp dragon (shapeshifter) (D:15)
  5 deep elf archers
  8 naga ritualists
  3 lindwurms (Lair:6)
  7 wizards
  6 necromancers
  An obsidian statue (Vaults:3)
  14 deep elf pyromancers
  5 phantasmal warriors
  12 ironbrand convokers
  16 orc knights
  22 harpies
  27 ugly things
  An iron dragon zombie (Depths:1)
  10 mana vipers
  A mana viper (shapeshifter) (Depths:3)
  A sphinx zombie (Depths:1)
  22 fauns
  10 orc sorcerers
  6 cyclopes
  8 deep elf zephyrmancers
  A manticore (shapeshifter) (D:15)
  The ghost of Terrapin the Summoner, a novice FeSu of Hepliaklqana (D:14)
  17 salamanders
  A moth of wrath (Zot:1)
  5 wolf spiders
  22 manticores
  3 ice statues (IceCv)
  A guardian serpent (shapeshifter) (Vaults:5)
  9 merfolk sirens
  3 apocalypse crabs (WizLab)
  9 vault sentinels
  An elephant (shapeshifter) (Depths:4)
  2 rust devils
  5 water nymphs
  4 guardian serpents
  26 elephants
  26 black mambas
  A stone giant skeleton (Depths:1)
  5 centaur skeletons
  Maggie (D:9)
  A smoke demon (Depths:3)
  34 naga magi
  3 gargoyles
  3 rime drakes
  A kobold demonologist (D:14)
  A spriggan zombie (Depths:1)
  13 cane toads
  A rime drake (shapeshifter) (Vaults:4)
  An elf zombie (Depths:1)
  8 komodo dragons
  A yaktaur (shapeshifter) (Depths:1)
  2 nameless horrors (Vaults:1)
  2 tengu conjurers (Depths:3)
  3 freezing wraiths
  6 ice devils (IceCv)
  17 yaktaurs
  A hellwing (Depths:3)
  A troll (shapeshifter) (Vaults:4)
  A jumping spider (shapeshifter) (Depths:5)
  13 trolls
  A polar bear (shapeshifter) (Depths:1)
  29 merfolk
  2 wind drakes (shapeshifter)
  3 meliai (D:15)
  2 polar bears
  25 slime creatures
  8 wind drakes
  A queen bee (shapeshifter) (Vaults:3)
  An ice dragon zombie (Depths:1)
  3 hornets
  14 snapping turtles
  19 blink frogs
  5 dream sheep (Lair:6)
  A human simulacrum (Vaults:2)
  2 vampires
  A spriggan (Depths:3)
  Sigmund (D:5)
  10 air elementals (WizLab)
  11 wraiths
  3 shadows
  A tarantella (shapeshifter) (D:15)
  51 yaks
  6 wyverns
  A redback (Vaults:3)
  32 water elementals
  5 basilisks
  2 hogs (D:13)
  A chaos spawn (Depths:3)
  A hog (shapeshifter) (Depths:2)
  4 vampire mosquitoes (D:12)
  9 humans (D:14)
  A steam dragon (Lair:3)
  Menkaure (D:6)
  2 acid dragons (D:15)
  7 wargs
  45 nagas
  A soldier ant (D:15)
  14 water moccasins
  Duvessa (D:6)
  2 floating eyes (shapeshifter)
  2 floating eyes (Depths:5)
  70 orc warriors
  A hornet zombie (D:13)
  2 sky beasts
  2 black bears
  2 eyes of draining (shapeshifter)
  4 ice beasts
  8 eyes of draining
  A necrophage (D:12)
  26 ogres
  10 boggarts
  13 centaurs
  13 wolves
  6 phantoms
  4 kobold brigands
  17 bullfrogs
  Dowan (D:6)
  A gnoll sergeant (D:5)
  6 scorpions
  A wyvern skeleton (D:12)
  9 killer bees
  2 electric eels (Lair:4)
  19 wights
  3 jellies
  A bullfrog zombie (D:11)
  4 centaur zombies
  2 draconian simulacra (IceCv)
  A quasit (D:15)
  6 bullfrog skeletons
  4 hounds
  36 orc priests
  9 iguanas
  Ijyb (D:4)
  49 orc wizards
  A troll simulacrum (IceCv)
  7 worker ants
  7 hell rats
  A spriggan simulacrum (IceCv)
  3 centaur simulacra
  A worker ant zombie (D:10)
  16 gnolls
  A howler monkey skeleton (D:11)
  3 naga simulacra (IceCv)
  14 adders
  2 ogre simulacra (IceCv)
  A shadow imp (D:10)
  15 white imps
  An ooze (D:3)
  2 adder skeletons (D:5)
  An adder zombie (D:5)
  2 worms
  3 dart slugs
  4 leopard geckos
  145 orcs
  4 ball pythons
  10 bats
  3 giant cockroaches
  13 goblins
  14 hobgoblins
  15 jackals
  31 kobolds
  5 quokkas
  4 frilled lizards
  A leopard gecko skeleton (D:6)
  A leopard gecko zombie (D:5)
  A quokka skeleton (D:6)
  24 rats
  12 butterflies (Depths:3)
2044 creatures vanquished.

Vanquished Creatures (collateral kills)
  Mennas (Vaults:3)
  A golden dragon (Depths:4)
  A lich (Depths:1)
  A quicksilver dragon (Vaults:5)
  3 shadow dragons
  A storm dragon (Depths:4)
  2 tengu reavers
  2 fire giants
  3 frost giants
  An iron dragon (Depths:4)
  2 vault wardens
  2 spriggan defenders (Depths:3)
  2 ironheart preservers
  A vampire knight (Depths:1)
  2 very ugly things (Depths:2)
  A stone giant (Depths:2)
  A spark wasp (Depths:4)
  A fire dragon (Depths:5)
  A yaktaur captain (Vaults:5)
  A rakshasa (Depths:3)
  A great orb of eyes (Depths:5)
  An ice dragon (Depths:5)
  5 vault guards
  An ogre mage (Vaults:4)
  2 two-headed ogres (Vaults:5)
  2 deep troll shamans
  A vampire mage (Depths:3)
  3 skeletal warriors (Depths:1)
  2 ugly things (Vaults:1)
  4 slime creatures
  A vault sentinel (Vaults:5)
  2 yaktaurs
  A freezing wraith (Vaults:5)
  A nameless horror (Depths:3)
57 creatures vanquished.

Vanquished Creatures (others)
  Asterion (Depths:1)
  A quicksilver dragon (Depths:2)
  A tengu reaver (Depths:3)
  A spark wasp (WizLab)
  A merfolk impaler (Shoals:1)
  A ghost crab (WizLab)
  A vault guard (Vaults:4)
  A merfolk aquamancer (Depths:5)
  An alligator snapping turtle (Shoals:4)
  A deep troll earth mage (Depths:1)
  An ironbrand convoker (Vaults:4)
  A deep elf zephyrmancer (Depths:5)
  A human (D:14)
  A warg (Depths:5)
  An orc warrior (Depths:5)
  An ogre (Vaults:4)
  A boggart (Vaults:1)
  36 fungi
  119 plants
172 creatures vanquished.

Grand Total: 2273 creatures vanquished

Notes
Turn   | Place    | Note
-------+----------+-------------------------------------------
     0 | D:1      | lunkers the Formicid Fighter began the quest for the Orb.
     0 | D:1      | Reached XP level 1. HP: 18/18 MP: 1/1
    31 | D:1      | Reached XP level 2. HP: 17/24 MP: 2/2
   588 | D:1      | Reached XP level 3. HP: 28/29 MP: 3/3
  1012 | D:2      | Found a faded altar of an unknown god.
  1099 | D:2      | Found a radiant altar of Vehumet.
  1204 | D:2      | Reached XP level 4. HP: 37/37 MP: 4/4
  1221 | D:2      | Found a white marble altar of Elyvilon.
  1487 | D:2      | Reached skill level 4 in Fighting
  1880 | D:2      | Found a broken altar of Ashenzari.
  1983 | D:3      | Reached XP level 5. HP: 22/42 MP: 5/5
  2336 | D:3      | Noticed an angel
  2337 | D:3      | Found a shimmering altar of Xom.
  2337 | D:3      | Found a glowing silver altar of Zin.
  2513 | D:3      | Found an ornate altar of the Wu Jian Council.
  2890 | D:3      | Reached XP level 6. HP: 49/49 MP: 6/6
  2971 | D:2      | Became a worshipper of Ashenzari the Shackled
  3027 | D:3      | Reached skill level 5 in Shields
  3264 | D:3      | Reached skill level 5 in Axes
  3264 | D:3      | Reached XP level 7. HP: 12/55 MP: 7/7
  3457 | D:4      | Reached skill level 5 in Fighting
  3683 | D:4      | Noticed Ijyb
  3951 | D:4      | Killed Ijyb
  4220 | D:4      | Found a blossoming altar of Fedhas.
  4242 | D:4      | Noticed an oklob plant
  4285 | D:4      | Found a hide-covered altar of Uskayaw.
  4708 | D:5      | Entered Level 5 of the Dungeon
  4842 | D:5      | Reached XP level 8. HP: 63/63 MP: 8/8
  5330 | D:5      | Noticed Sigmund
  5333 | D:5      | Killed Sigmund
  5334 | D:5      | Reached skill level 6 in Fighting
  5385 | D:5      | Found a bloodstained altar of Trog.
  5531 | D:5      | Reached XP level 9. HP: 71/71 MP: 9/9
  5616 | D:5      | Found a sacrificial altar of Ru.
  5618 | D:5      | Found an opulent altar of Gozag.
  5868 | D:6      | Noticed Duvessa
  5868 | D:6      | Noticed Dowan
  5872 | D:6      | Killed Duvessa
  5873 | D:6      | Reached skill level 7 in Fighting
  5885 | D:6      | Killed Dowan
  5925 | D:6      | Found a staircase to the Ecumenical Temple.
  5973 | D:6      | Identified the +1 long sword "Unlal" {vamp, *Corrode *Drain
                  | rPois SInv}
  5993 | D:6      | Reached * piety under Ashenzari
  6133 | D:6      | Noticed a rust devil
  6157 | D:6      | Killed a rust devil
  6188 | D:6      | Identified the +5 rapier "Tiopothre" {vorpal, *Rage +Inv
                  | rElec}
  6601 | D:6      | Noticed Menkaure
  6605 | D:6      | Killed Menkaure
  6606 | D:6      | Reached XP level 10. HP: 45/80 MP: 10/10
  6947 | D:6      | Noticed an angel
  6994 | D:7      | Reached skill level 8 in Fighting
  7040 | D:7      | Identified the +2 short sword of Grontol {drain, Str+3
                  | Dex+6}
  7559 | D:8      | Noticed a two-headed ogre
  7567 | D:8      | Killed a two-headed ogre
  7568 | D:8      | Reached skill level 9 in Fighting
  7568 | D:8      | Reached skill level 10 in Axes
  7770 | D:8      | Reached skill level 1 in Evocations
  7913 | D:8      | Reached ** piety under Ashenzari
  7993 | D:8      | Found a transporter.
  8008 | D:8      | Found Xegaongoara's Magic Scroll Boutique.
  8029 | D:8      | Found a staircase to the Lair.
  8286 | D:8      | Noticed a kobold demonologist
  8289 | D:8      | Found a transporter.
  8289 | D:8      | Noticed a kobold demonologist
  9000 | D:9      | Noticed Maggie
  9002 | D:9      | Reached *** piety under Ashenzari
  9010 | D:9      | Killed Maggie
  9103 | D:9      | Noticed Harold
  9109 | D:9      | Killed Harold
  9110 | D:9      | Reached XP level 11. HP: 90/90 MP: 11/11
  9448 | D:9      | Reached skill level 10 in Fighting
  9627 | D:10     | Entered Level 10 of the Dungeon
  9895 | D:10     | Reached **** piety under Ashenzari
  9946 | D:10     | Found a staircase to the Orcish Mines.
 10155 | D:10     | Identified the +1 chain mail of Snakes and Ladders {rC+}
 10388 | D:11     | Noticed a purple ugly thing
 10395 | D:11     | Killed a purple ugly thing
 10501 | D:11     | Noticed a purple ugly thing
 10517 | D:11     | Killed a purple ugly thing
 10724 | D:11     | Reached skill level 11 in Fighting
 10903 | D:11     | Noticed Snorg
 10921 | D:11     | Killed Snorg
 10922 | D:11     | Reached XP level 12. HP: 56/100 MP: 12/12
 11136 | Lair:1   | Entered Level 1 of the Lair of Beasts
 11205 | Lair:1   | Reached skill level 12 in Fighting
 11430 | Lair:1   | Found a broken altar of Ashenzari.
 11844 | Lair:2   | Reached skill level 13 in Fighting
 11890 | Lair:2   | Reached ***** piety under Ashenzari
 12043 | Lair:2   | Reached skill level 14 in Fighting
 12459 | Lair:2   | Found a staircase to the Shoals.
 12654 | Lair:3   | Noticed a five-headed hydra
 12659 | Lair:3   | Killed a five-headed hydra
 12670 | Lair:3   | Reached XP level 13. HP: 99/114 MP: 13/13
 12745 | Lair:3   | Reached skill level 15 in Fighting
 12981 | Lair:3   | Reached skill level 16 in Fighting
 13200 | Lair:3   | Found a staircase to the Snake Pit.
 13961 | Lair:4   | Reached skill level 17 in Fighting
 14514 | Lair:4   | Noticed a catoblepas
 14522 | Lair:4   | Killed a catoblepas
 14680 | Lair:5   | Reached XP level 14. HP: 67/129 MP: 14/14
 14694 | Lair:5   | Reached skill level 18 in Fighting
 14946 | Lair:5   | You fall into a shaft and drop 1 floor!
 14946 | Lair:6   | Entered Level 6 of the Lair of Beasts
 14946 | Lair:6   | Found a large runed translucent door.
 14946 | Lair:6   | Found a large runed translucent door.
 14946 | Lair:6   | Noticed Jiqanexi's ghost (journeyman GnTm)
 14952 | Lair:6   | Reached skill level 5 in Evocations
 15188 | Lair:6   | Reached skill level 5 in Armour
 15219 | Lair:6   | Found a staircase to the Slime Pits.
 15281 | Lair:6   | Reached ****** piety under Ashenzari
 15338 | Lair:6   | Found a frozen archway.
 15359 | IceCv    | Entered an ice cave
 16435 | Lair:6   | Reached skill level 19 in Fighting
 16452 | Lair:6   | Reached XP level 15. HP: 80/139 MP: 15/15
 17437 | Orc:1    | Entered Level 1 of the Orcish Mines
 17675 | Orc:1    | Found Moeh's Magic Scroll Boutique.
 17696 | Orc:1    | Reached skill level 20 in Fighting
 17728 | Orc:1    | Bought a scroll of acquirement for 728 gold pieces
 17728 | Orc:1    | Acquired a cursed +0 tower shield of protection
 17932 | Orc:1    | Noticed an orc warlord
 17952 | Orc:1    | Killed an orc warlord
 18270 | Orc:2    | Entered Level 2 of the Orcish Mines
 18270 | Orc:2    | Found a staircase to the Elven Halls.
 18514 | Orc:2    | Found Yste's Book Boutique.
 18518 | Orc:2    | Found Xolakhig's Armour Shoppe.
 18529 | Orc:2    | Noticed an orc warlord
 18540 | Orc:2    | HP: 7/141 [orc sorcerer/bolt of fire (29)]
 18546 | Orc:2    | Reached skill level 10 in Shields
 18554 | Orc:2    | Killed an orc warlord
 18867 | Orc:2    | Found Yhyn's Antique Armour Shop.
 19113 | Orc:2    | Found Taede's General Store.
 19114 | Orc:2    | Found Cemalucu's Jewellery Emporium.
 19115 | Orc:2    | Found Kyifren's Antique Armour Shoppe.
 19115 | Orc:2    | Found Gori's Antique Weapon Shoppe.
 19121 | Orc:2    | Bought a pair of runed boots for 210 gold pieces
 19187 | Orc:2    | Bought a crude plate armour for 784 gold pieces
 19187 | Orc:2    | Identified the +2 plate armour of Grace {rPois rC+} (You
                  | bought it in a shop on level 2 of the Orcish Mines)
 19883 | D:12     | Found a roughly hewn altar of Beogh.
 20035 | D:12     | Reached XP level 16. HP: 131/148 MP: 16/16
 20177 | D:12     | Found a broken altar of Ashenzari.
 20924 | D:13     | Found Giguroah's General Store.
 21028 | D:13     | Noticed Kirke
 21041 | D:13     | Killed Kirke
 21081 | D:13     | Noticed Urug
 21083 | D:13     | Noticed Erica
 21093 | D:13     | Killed Urug
 21107 | D:13     | Killed Erica
 21222 | D:13     | Reached skill level 15 in Axes
 21818 | D:14     | Identified the +4 hand axe of Scorn {vorpal, Str+8 Int+2}
 21851 | D:14     | Found a runed translucent gate.
 21853 | D:14     | Found a runed translucent gate.
 21853 | D:14     | Noticed Terrapin's ghost (novice FeSu)
 21854 | D:14     | Found a runed translucent gate.
 21855 | D:14     | Found the +8 orange crystal plate armour {Archmagi, Int+3
                  | Clar}
 22096 | D:14     | Identified the +7 long sword "Gimehiah" {antimagic, rElec
                  | Int+2}
 22204 | D:14     | Found a gate to the Vaults.
 22357 | D:14     | Noticed Josephine
 22368 | D:14     | Killed Josephine
 22541 | D:14     | Killed Terrapin's ghost
 22799 | Snake:1  | Entered Level 1 of the Snake Pit
 22899 | Snake:1  | Reached XP level 17. HP: 78/155 MP: 9/17
 23035 | Snake:1  | Identified the +5 battleaxe of Corruption {drain, rPois rF-
                  | Int+3}
 23186 | Snake:1  | Found a snail-covered altar of Cheibriados.
 25170 | Snake:3  | Noticed Aizul
 25188 | Snake:3  | Killed Aizul
 25189 | Snake:3  | Reached skill level 10 in Armour
 25307 | Snake:3  | Noticed Nikola
 25322 | Snake:3  | Killed Nikola
 26118 | Snake:4  | Entered Level 4 of the Snake Pit
 26554 | Snake:4  | Reached XP level 18. HP: 125/162 MP: 18/18
 26556 | Snake:4  | Found Casad's Book Shop.
 26645 | Snake:4  | HP: 5/162 [nagaraja/poison arrow (14)]
 26716 | Snake:4  | HP: 5/164 [naga sharpshooter/bolt (12)]
 26721 | Snake:4  | HP: 6/164 [poisoned by a nagaraja (splash of poison)]
 26726 | Snake:4  | HP: 7/164 [poisoned by a nagaraja (splash of poison)]
 26754 | Snake:4  | HP: 8/164 [nagaraja/poison arrow (17)]
 27124 | Snake:4  | Identified the +0 leather armour "Eseikugh" {rElec rPois}
 27161 | Snake:4  | Got a serpentine rune of Zot
 27410 | Snake:4  | Reached skill level 21 in Fighting
 28176 | Shoals:1 | Entered Level 1 of the Shoals
 28328 | Shoals:1 | Reached XP level 19. HP: 169/172 MP: 19/19
 28440 | Shoals:1 | Reached skill level 15 in Armour
 28613 | Shoals:1 | Found Tarugar's Assorted Antiques.
 28658 | Shoals:1 | Bought a scroll labelled KAPNEW YDITE for 36 gold pieces
 28930 | Shoals:2 | Identified the +1 leather armour "Emalio" {rPois rC+ rCorr
                  | Int-2}
 30025 | Shoals:3 | Reached skill level 22 in Fighting
 30114 | Shoals:3 | Noticed Ilsuiw
 30167 | Shoals:3 | Killed Ilsuiw
 30325 | Shoals:3 | Noticed Bai Suzhen
 30349 | Shoals:3 | Killed Bai Suzhen
 30469 | Shoals:3 | Noticed Polyphemus
 30491 | Shoals:3 | Killed Polyphemus
 31017 | Shoals:4 | Entered Level 4 of the Shoals
 31017 | Shoals:4 | Found Wujixoli's Book Shoppe.
 31043 | Shoals:4 | Bought a book of the Earth for 780 gold pieces
 31048 | Shoals:4 | Learned a level 4 spell: Animate Armour
 31147 | Shoals:4 | Reached skill level 1 in Earth Magic
 31147 | Shoals:4 | Reached XP level 20. HP: 151/184 MP: 19/21
 31156 | Shoals:4 | Reached skill level 1 in Spellcasting
 31156 | Shoals:4 | Reached skill level 1 in Summonings
 31493 | Shoals:4 | Found Midip's General Store.
 31568 | Shoals:4 | Got a barnacled rune of Zot
 31942 | Shoals:4 | Reached skill level 5 in Earth Magic
 32548 | Vaults:1 | Entered Level 1 of the Vaults
 32639 | Vaults:1 | Reached skill level 5 in Summonings
 33251 | Vaults:1 | Found Rioc's General Store.
 33314 | Vaults:1 | Reached skill level 23 in Fighting
 33715 | Vaults:1 | Reached XP level 21. HP: 192/192 MP: 25/25
 34566 | Vaults:2 | Found a staircase to the Crypt.
 35226 | Vaults:2 | Reached skill level 24 in Fighting
 36020 | Vaults:3 | Reached skill level 10 in Evocations
 36195 | Vaults:3 | Identified the +1 robe of Luiz {rC+ Int-5 Slay+3}
 36300 | Vaults:3 | Found the +7 great mace "Firestarter" {inner flame, rF++}
 36456 | Vaults:3 | Noticed Mennas
 36471 | Vaults:3 | Killed Mennas
 36472 | Vaults:3 | Reached XP level 22. HP: 173/204 MP: 26/29
 36699 | Vaults:3 | Reached skill level 5 in Spellcasting
 37210 | Vaults:4 | Found a magical portal.
 37218 | WizLab   | Entered The Chambers of the Cloud Mage
 37684 | WizLab   | Identified a +0 pair of boots of running
 37684 | WizLab   | Identified Gyhituma's Handbook of Weightlessness
 37684 | WizLab   | Identified the ring "Carur" {rElec rN+ MP+9 Str+6 SInv}
 37951 | Vaults:4 | Found a runed translucent door.
 37951 | Vaults:4 | Found a shimmering altar of Xom.
 37951 | Vaults:4 | Noticed Shayle's ghost (adept DrEE)
 37996 | Vaults:4 | Killed Shayle's ghost
 39017 | Vaults:4 | Reached skill level 25 in Fighting
 39124 | D:15     | Entered Level 15 of the Dungeon
 39478 | D:15     | Found a staircase to the Depths.
 39557 | D:15     | Found a shimmering altar of Xom.
 40243 | Depths:1 | Entered Level 1 of the Depths
 40394 | Depths:1 | Reached XP level 23. HP: 200/215 MP: 32/32
 40503 | Depths:1 | Found Tiotux's Weapon Boutique.
 40660 | Depths:1 | Found a gateway to Hell.
 40662 | Depths:1 | Gained mutation: You are frail. (-10% HP) [mutagenic glow]
 40671 | Depths:1 | Reached skill level 26 in Fighting
 40978 | Depths:1 | Noticed Asterion
 40988 | Depths:1 | Killed Asterion
 41118 | Depths:1 | Identified the Tome of Evil Rites
 41418 | Depths:1 | Found a snail-covered altar of Cheibriados.
 41894 | Depths:2 | Reached skill level 27 in Fighting
 41951 | Depths:2 | Reached skill level 1 in Dodging
 42429 | Snake:4  | Bought the Tome of Unstable Contamination for 1500 gold
                  | pieces
 42434 | Snake:4  | Learned a level 4 spell: Manifold Assault
 42882 | Depths:2 | Reached skill level 1 in Translocations
 43231 | Depths:2 | Found a gateway to a ziggurat.
 43515 | Depths:3 | Identified the +10 plate armour "Geunab" {rC++}
 43669 | Depths:3 | Reached XP level 24. HP: 204/204 MP: 32/32
 43717 | Depths:3 | Reached skill level 5 in Translocations
 43900 | Depths:3 | Found a huge runed gate.
 43900 | Depths:3 | Found a huge runed gate.
 43901 | Depths:3 | Found a huge runed gate.
 43901 | Depths:3 | Found a huge runed gate.
 43903 | Depths:3 | Found a huge runed gate.
 43903 | Depths:3 | Found a huge runed gate.
 43904 | Depths:3 | Found a huge runed gate.
 43904 | Depths:3 | Found a huge runed gate.
 43904 | Depths:3 | Found a huge runed gate.
 43909 | Depths:3 | Found a huge runed gate.
 43909 | Depths:3 | Found a huge runed gate.
 43909 | Depths:3 | Found a huge runed gate.
 43909 | Depths:3 | Found a huge runed gate.
 43909 | Depths:3 | Found a huge runed gate.
 43916 | Depths:3 | Found a huge runed gate.
 43917 | Depths:3 | Found a huge runed gate.
 43917 | Depths:3 | Found a huge runed gate.
 43918 | Depths:3 | Found a huge runed gate.
 44015 | Depths:3 | Found a huge runed gate.
 44015 | Depths:3 | Found a huge runed gate.
 44015 | Depths:3 | Found a huge runed gate.
 44015 | Depths:3 | Found a huge runed gate.
 44015 | Depths:3 | Found a huge runed gate.
 44015 | Depths:3 | Found a huge runed gate.
 44016 | Depths:3 | Found a huge runed gate.
 44020 | Depths:3 | Found a huge runed gate.
 44021 | Depths:3 | Found a huge runed gate.
 44102 | Depths:3 | Found a huge runed gate.
 44104 | Depths:3 | Found a huge runed gate.
 44106 | Depths:3 | Found a huge runed gate.
 44107 | Depths:3 | Found a huge runed gate.
 44108 | Depths:3 | Found a huge runed gate.
 44109 | Depths:3 | Found a huge runed gate.
 44110 | Depths:3 | Found a huge runed gate.
 44111 | Depths:3 | Found a huge runed gate.
 44112 | Depths:3 | Found a huge runed gate.
 44190 | Depths:3 | Found a one-way gate leading to the halls of Pandemonium.
 44682 | Depths:3 | Upgraded the game from 0.27-a0-366-g8badd94918 to
                  | 0.27-a0-380-g150de4c316
 44977 | Depths:3 | Identified the +1 shortbow of Honour {venom, Will+ Dex+7}
 45153 | Depths:4 | Identified the amulet of Mosaty Umio {Faith Fragile rElec
                  | rN+}
 45153 | Depths:4 | Identified the ring "Cakuh" {*Drain +Fly Str+2 Int+2 Dex+8}
 45860 | Depths:4 | Noticed a golden dragon
 45861 | Depths:4 | Noticed a juggernaut
 45866 | Depths:4 | Killed a golden dragon
 45881 | Depths:4 | Killed a juggernaut
 46060 | Depths:4 | Found a runed translucent door.
 46178 | Depths:4 | Found a one-way gate to the infinite horrors of the Abyss.
 46264 | Depths:4 | Found a runed translucent door.
 46271 | Depths:4 | Found a runed translucent door.
 46405 | Depths:4 | Noticed a caustic shrike
 46405 | Depths:4 | an iron giant changed into a caustic shrike
 46413 | Depths:4 | Killed a caustic shrike
 46414 | Depths:4 | Reached skill level 5 in Dodging
 46421 | Depths:4 | Reached XP level 25. HP: 199/210 MP: 20/32
 46523 | Depths:5 | Entered Level 5 of the Depths
 46620 | Depths:5 | Identified the ring of Ascent {Will+ SInv}
 46925 | Depths:5 | Found a transporter.
 46925 | Depths:5 | Identified the ring of Xoguh {*Slow Dex+10 SInv}
 47039 | Depths:5 | Noticed a caustic shrike
 47062 | Depths:5 | Killed a caustic shrike
 47266 | Depths:5 | Noticed a juggernaut
 47276 | Depths:5 | Killed a juggernaut
 47470 | Depths:5 | Reached skill level 10 in Dodging
 47613 | Depths:5 | Identified the ring of Natetoll {rN+ Will+ rCorr Int-2}
 47858 | Depths:5 | Found a transporter.
 47868 | Depths:5 | Found Siduysch's General Store.
 47869 | Depths:5 | Identified the +10 war axe "Sooraoro" {vorpal, +Inv rElec
                  | Will- Dex+8}
 47981 | Depths:5 | Found a gate to the Realm of Zot.
 48409 | Vaults:5 | Entered Level 5 of the Vaults
 48491 | Vaults:5 | Noticed Saint Roka
 48576 | Vaults:4 | Reached XP level 26. HP: 178/217 MP: 31/32
 48685 | Vaults:4 | Killed Saint Roka
 48955 | Vaults:5 | Noticed a dread lich
 48972 | Vaults:5 | Killed a dread lich
 49004 | Vaults:5 | Identified the +6 hunting sling "Jusmil" {freeze, +Inv
                  | Int+5}
 49076 | Vaults:5 | Noticed an ancient lich
 49084 | Vaults:5 | Killed an ancient lich
 49091 | Vaults:5 | Identified the ring "Cima" {rF+ EV+4 SInv}
 49258 | Vaults:5 | Noticed a dread lich
 49295 | Vaults:5 | Killed a dread lich
 49598 | Vaults:5 | Reached XP level 27. HP: 159/209 MP: 15/32
 49620 | Vaults:5 | Found Dexinlum's General Store.
 49631 | Vaults:5 | Got a silver rune of Zot
 49953 | Vaults:5 | Identified the ring "Carphimo" {rC+ Int+7 Dex-3 SInv}
 50472 | Vaults:5 | Acquired a cursed +1 pair of gloves of strength
 50475 | Vaults:5 | Acquired 519 gold pieces
 50924 | Zot:1    | Entered Level 1 of the Realm of Zot
 51155 | Zot:1    | HP: 8/222 [white draconian/+1 glaive of protection (5)]
 51156 | Zot:1    | Slain by a white draconian

Illustrated notes

Levels and vault maps discovered:
D:1:      shiori_arrival_oz, layout_basic
D:2:      layout_rooms, nicolae_overflow_hidden_temple, elyvilon_altar_3,
          vehumet_crystals, chequers_ecumenical_altar_simple_redux,
          minmay_increasing_density
D:3:      layout_loops_corners, grunt_temple_overflow_order_and_chaos_1,
          nzn_wu_jian_contemplation
D:4:      layout_cave_pools, tgw_fedhas, eat_drink_and_be_merry_uskayaw,
          minmay_rat_hole, uniq_ijyb
D:5:      corexii_shantytown, layout_loops_cross, trog_eyes_of_draining,
          gammafunk_temple_overflow_statue, grunt_tough_drop, uniq_sigmund
D:6:      layout_gridville, temple_garden, uniq_menkaure, uniq_duvessa
D:7:      layout_cave_pools, dk_noncrumbling_2
D:8:      gammafunk_wand_slinger, layout_layer_cave, lair_entry_dummy,
          serial_shops, shop_fountains
D:9:      layout_irregular_city, minmay_crystal_room, uniq_harold, uniq_maggie
D:10:     layout_roguey, erik_orc_4
D:11:     layout_roguey, uniq_snorg
D:12:     layout_gridville, special_room [special_room_orc], ashenzari_altar_1
D:13:     minmay_chambers_of_sevens, layout_rooms, serial_shops,
          nicolae_shop_stone, sword_in_stone, uniq_kirke
D:14:     layout_roguey, ximxim_vaults_locker_room, gammafunk_ghost_split,
          hex_intersection, kennysheep_generic_room_8, uniq_josephine
D:15:     gammafunk_enter_depths_forms, layout_loops_ring, basic_altar,
          chequers_serial_rivers_micro_e
Lair:1:   layout_chaotic_city, basic_altar, uniq_urug
Lair:2:   layout_roguey, shoals_dummy_entry
Lair:3:   layout_small_grid, guppyfry_snake_entry_island,
          minmay_stone_trees_small
Lair:4:   layout_small_grid, serial_bayou_pond_a, kennysheep_catoblepas_arena,
          grunt_megastairs_4, serial_bayou_shore_a
Lair:5:   layout_layer_cave, grunt_megastairs_2
Lair:6:   hangedman_lair_in_review, layout_misc_corridors, slime_dummy,
          ebering_ghost_disaster_area, portal_ice_cave_entry_imps,
          serial_bayou_shore_b
Shoals:1: layout_shoals, serial_shops, shop
Shoals:2: cheibrodos_shoals_roost, layout_shoals
Shoals:3: layout_shoals, nicolae_shoals_so_close, uniq_polyphemus,
          uniq_bai_suzhen, uniq_ilsuiw
Shoals:4: shoals_end_grunt_ice, layout_shoals, serial_shops,
          nicolae_shop_statue_plus, shop, nicolae_shoals_hunting_party
Snake:1:  layout_misc_corridors, basic_altar
Snake:2:  layout_layer_cave, nicolae_snake_salamander_stairs
Snake:3:  layout_concentric_octagons, grunt_megastairs_5, serial_bayou_shore_b,
          uniq_nikola, uniq_aizul
Snake:4:  snake_pit, layout_onion_interference, serial_shops, shop,
          grunt_megastairs_3
Orc:1:    layout_caves, guppyfry_orc_lava_fort
Orc:2:    st_orc_congregation, layout_caves, serial_shops, shop_statue, shop,
          nicolae_shop_stone
Vaults:1: vaults_mumra_lcd, hangedman_vaults_capsules,
          ontoclasm_vaults_ring_large, nicolae_vaults_murderbox,
          ontoclasm_vaults_ring_small, vaults_room_octagon, vaults_dpeg_hooks,
          nicolae_vaults_little_ls, v_misc_17, nicolae_vaults_little_squares_6,
          vaults_room_semicircle, layout_vaults_chaotic_city, serial_shops,
          nicolae_shop_waterfront
Vaults:2: nicolae_vaults_big_angled_halls, minmay_crypt_entry_simple_walls,
          nicolae_vaults_inception_scallops, nicolae_vaults_little_squares_6,
          nicolae_vaults_little_squares_6, dpeg_vaults_monster_box,
          hangedman_vaults_stitches, ontoclasm_vaults_ring_small,
          nicolae_vaults_rhombus_5, grunt_vaults_twisty,
          nicolae_vaults_alarming, v_pattern_1, grunt_vaults_funnel,
          nicolae_vaults_diagonal_hallway_8, ontoclasm_vaults_ring_small,
          layout_vaults_omnibox
Vaults:3: v_misc_25, nicolae_vaults_stairing_the_circle, v_misc_26,
          nicolae_vaults_statue_guard, nicolae_vaults_gold_heap,
          dpeg_vaults_monster_row, v_pattern_2, v_misc_14,
          vaults_standard_mumra_enter_the_diamond, layout_vaults_omnicross,
          uniq_mennas, uniq_margery
Vaults:4: ebering_vaults_ghost_xom, vaults_room_grid, vaults_room_octagon,
          v_misc_9, v_misc_30, grunt_vaults_bifocal, vaults_room_pools,
          ontoclasm_vaults_pinch, vaults_room_grid, layout_vaults_omnigrid,
          infiniplex_enter_wizlab_spiral
Vaults:5: uniq_saint_roka
Depths:1: layout_gridlike, grunt_metal_band, special_room [special_room_morgue],
          nrook_loot_triangle, cheibriados_altar_1, minmay_shop_star,
          uniq_asterion
Depths:2: hangedman_cross_stitches, layout_cave_pools, enter_ziggurat_b,
          amcnicky_mini_rare_corridor_liquid, grunt_hell_entry_dis_mu,
          minmay_holes, due_unseen_surprise
Depths:3: nzn_winding_woodlands_medium [nzn_winding_woodlands_5x5_closed_star,
          nzn_winding_woodlands_5x15_sawtooth,
          nzn_winding_woodlands_5x5_default,
          nzn_winding_woodlands_5x5_checkerboard,
          nzn_winding_woodlands_center_lodge, nzn_winding_woodlands_5x5_cross,
          nzn_winding_woodlands_5x5_perimeter, nzn_winding_woodlands_5x15_cabin,
          nzn_winding_woodlands_hourglass], layout_basic, hell_entry,
          small_statue_intersection, rand_demon_pan_entry_7, not_door_vault_mu,
          minmay_staircase_statues
Depths:4: minmay_the_grid_four_pointed_star
          [minmay_the_grid_triangle_9x9_thin_v,
          minmay_the_grid_triangle_9x9_longest,
          minmay_the_grid_triangle_9x9_fully_insulated_deathbox,
          minmay_the_grid_triangle_9x9_negative_grid,
          minmay_the_grid_prize_big_room], layout_cave_shapes,
          hangedman_coc_ice_floe, abyss_entry_small_statue_room,
          serial_sigils_hangedman_quiver, kilobyte_mutagenic_chamber,
          infiniplex_staircase_hallway_doors, serial_bayou_shore_b
Depths:5: hangedman_spin_cycle, abyss_entry, hell_entry
Zot:1:    layout_twisted_circle

Skill      XL: |  1  2  3  4  5  6  7  8  9 10 11 12 13 14 15 16 17 18 19 20 21 22 23 24 25 26 27 |
---------------+----------------------------------------------------------------------------------+-----
Shields        | 4 5 6 7 8 9 10 12 | 12.3
Axes           | 3 4 5 6 7 9 11 12 14 16 | 16.1
Fighting       | 4 5 6 7 9 11 14 17 19 20 21 22 23 24 25 27 | 27.0
Evocations     | 3 4 7 8 9 10 | 10.7
Armour         | 5 7 12 14 15 16 17 18 19 20 21 22 | 22.0
Earth Magic    | 1 7 |  7.5
Spellcasting   | 3 4 6 |  6.0
Summonings     | 5 |  5.5
Dodging        | 2 5 11 13 14 | 14.4
Translocations | 4 9 |  9.7

Action                   |  1- 3 |  4- 6 |  7- 9 | 10-12 | 13-15 | 16-18 | 19-21 | 22-24 | 25-27 || total
-------------------------+-------+-------+-------+-------+-------+-------+-------+-------+-------++-------
Melee: War axe           |    78 |   217 |   230 |   471 |   683 |       |       |       |       ||  1679
       Battleaxe         |       |       |       |       |   290 |  1170 |  1569 |  1499 |  1012 ||  5540
 Fire: Arbalest          |       |       |   114 |    54 |       |       |       |       |       ||   168
Throw: Dart              |       |       |    33 |    43 |    44 |    30 |   136 |    72 |    22 ||   380
 Cast: Animate Armour    |       |       |       |       |       |       |     8 |    25 |    18 ||    51
       Manifold Assault  |       |       |       |       |       |       |       |    25 |    36 ||    61
Invok: Curse Item        |       |     2 |     2 |     4 |     6 |     1 |       |     2 |     2 ||    19
 Abil: Dig               |       |       |     1 |       |     6 |       |       |     1 |       ||     8
       Shaft Self        |       |       |       |       |     1 |       |       |       |       ||     1
Evoke: Wand              |       |       |       |     8 |    40 |    33 |     8 |       |       ||    89
       Lightning rod     |       |       |       |     4 |     8 |       |       |       |       ||    12
       Condenser vane    |       |       |       |       |     2 |     2 |       |     1 |     1 ||     6
       Tin of tremorston |       |       |       |       |       |       |       |     3 |       ||     3
  Use: Potion            |       |     1 |     1 |       |     4 |     7 |     6 |     1 |     1 ||    21
       Scroll            |       |       |       |       |     5 |     2 |       |     1 |     3 ||    11
 Stab: Confused          |       |     2 |       |       |     1 |       |       |       |       ||     3
       Petrified         |       |       |       |       |       |       |     6 |       |       ||     6
       Paralysed         |       |       |       |       |       |       |     2 |       |       ||     2
       Distracted        |       |       |       |       |       |       |     1 |     5 |     1 ||     7
Armor: Scale mail        |    44 |   109 |    75 |     3 |       |       |       |       |       ||   231
       Chain mail        |       |       |       |    76 |   257 |   138 |       |       |       ||   471
       Crystal plate arm |       |       |       |       |       |   312 |   799 |   555 |   480 ||  2146
Dodge: Dodged            |    34 |    87 |   125 |   119 |   278 |   244 |   347 |   270 |   389 ||  1893
Block: Kite shield       |    46 |   103 |   133 |   224 |   336 |       |       |       |       ||   842
       Buckler           |       |    20 |     6 |       |       |       |       |       |       ||    26
       Tower shield      |       |       |       |       |   282 |  1098 |  1387 |  1017 |   886 ||  4670

Table legend: (Time is in decaauts)
 A = Elapsed time spent in this place.
 B = Non-inter-level travel time spent in this place.
 C = Inter-level travel time spent in this place.
 D = Time resting spent in this place.
 E = Time spent auto-exploring this place.
 F = Levels seen in this place.
 G = Mean time per level.
                   A        B        C        D        E       F      G
               +--------+--------+--------+--------+--------+-----+--------+
         Total |  50153 |  45971 |   4182 |   1662 |  30076 |  44 | 1139.8 |
       Dungeon |  16721 |  14872 |   1849 |    639 |  10691 |  15 | 1114.7 |
          Lair |   5872 |   5379 |    493 |    121 |   4083 |   6 |  978.7 |
        Shoals |   4320 |   4128 |    192 |    205 |   2159 |   4 | 1080.0 |
     Snake Pit |   5219 |   4714 |    505 |     46 |   3329 |   4 | 1304.8 |
  Orcish Mines |   1937 |   1894 |     43 |     76 |    788 |   2 |  968.5 |
        Vaults |   7869 |   7317 |    552 |    211 |   4785 |   5 | 1573.8 |
        Depths |   6969 |   6423 |    546 |    218 |   3997 |   5 | 1393.8 |
           Zot |    203 |    203 |      0 |      0 |     94 |   1 |  203.0 |
      Ice Cave |    456 |    456 |      0 |     41 |     22 |   1 |  456.0 |
        Wizlab |    584 |    584 |      0 |    105 |    126 |   1 |  584.0 |
               +--------+--------+--------+--------+--------+-----+--------+

Top non-repeatable levels by time:
 Snake:4: 1957 daAuts
     D:3: 1737 daAuts
Vaults:4: 1731 daAuts
Vaults:5: 1722 daAuts
Vaults:1: 1649 daAuts
Depths:3: 1568 daAuts
Vaults:2: 1489 daAuts
     D:8: 1488 daAuts
Depths:1: 1484 daAuts
Depths:5: 1479 daAuts
Depths:4: 1428 daAuts
    D:15: 1423 daAuts
Shoals:4: 1351 daAuts
Vaults:3: 1277 daAuts
    D:12: 1220 daAuts
